 Dungeon Crawl Stone Soup version 0.30-a0-782-ge64f9170bb (webtiles) character file.

Game seed: 2901091445766472786

103 IndexError the Shooter (level 4, 0/25 HPs)
             Began as a Gargoyle Hexslinger on Feb 22, 2023.
             Slain by an orc wizard
             ... wielding a +2 dagger of speed
              (2 damage)
             ... on level 2 of the Dungeon.
             The game lasted 00:05:30 (1395 turns).

IndexError the Shooter (Gargoyle Hexslinger)        Turns: 1395, Time: 00:05:30

Health: 0/25       AC:  7    Str: 14    XL:     4   Next: 79%
Magic:  3/5        EV: 12    Int: 13    God:
Gold:   53         SH:  0    Dex: 12    Spells: 4/5 levels left

rFire   . . .      SeeInvis .    a - +1 sling
rCold   . . .      Faith    .    (no shield)
rNeg    + . .      Spirit   .    c - +0 robe
rPois   ∞          Reflect  .    j - +2 hat
rElec   +          Harm     .    (no cloak)
rCorr   .          Rampage  .    (no gloves)
Will    .....                    (no boots)
Stlth   +                        (no amulet)
HPRegen 0.24/turn                (no ring)
MPRegen 0.09/turn                (no ring)

@: no status effects
A: sickness immunity, AC +3, negative energy resistance 1, electricity
resistance, torment resistance 1, petrification resistance
a: no special abilities


You were on level 2 of the Dungeon.
You visited 1 branch of the dungeon, and saw 3 of its levels.

You collected 53 gold pieces.

Inventory:

Hand Weapons
 a - a +1 sling (weapon)
Armour
 c - a +0 robe (worn)
 f - a +0 scale mail
   (You found it on level 1 of the Dungeon)
 j - a +2 hat (worn)
   (You found it on level 2 of the Dungeon)
Jewellery
 k - a ring of ice {rC+, rF-}
   (You found it on level 2 of the Dungeon)
Scrolls
 b - a scroll of poison
 d - a scroll of noise {unknown}
 h - a scroll of torment {unknown}
 i - 4 scrolls of teleportation {unknown}
 l - a scroll of amnesia {unknown}
Potions
 e - a potion of curing
 g - a potion of resistance {unknown}


   Skills:
 - Level 1.1 Fighting
 * Level 4.1 Ranged Weapons
 - Level 1.5 Dodging
 - Level 1.0 Spellcasting
 + Level 3.5 Hexes


You had 4 spell levels left.
You knew the following spells:

 Your Spells              Type           Power      Damage    Failure   Level
s - Slow                  Hex            36%        N/A       7%          1

Your spell library contained the following spells:

 Spells                   Type           Power      Damage    Failure   Level
 Ensorcelled Hibernation  Hex/Ice        10%        N/A       21%         2
 Inner Flame              Hex/Fire       5%         N/A       38%         3
 Portal Projectile        Hex/Tloc       10%        N/A       38%         3
 Cause Fear               Hex            4%         N/A       54%         4
 Spider Form              Tmut/Pois      0%         N/A       63%         3
 Anguish                  Hex/Necr       2%         N/A       80%         4


Dungeon Overview and Level Annotations

Branches:
Dungeon (3/15)

Altars:

Annotations:
D:3 Robin


Innate Abilities, Weirdness & Mutations

You are immune to sickness and miasma.
Your stone body is resilient. (AC +3)
You are immune to poison.
You resist negative energy. (rN+)
You are resistant to electric shocks. (rElec)
You are resistant to unholy torment.
You are immune to petrification.


Message History

You take 3 damage, and have 16/25 hp.
You now have 4/5 mp.
You shoot a sling bullet.
The sling bullet hits the orc wizard but does no damage.
The orc wizard hits you with a +2 dagger of speed.
Spoiler Alert: The orc wizard (slow) might cast Slow, Confuse, Throw Flame, Throw Frost, or go Invisible!
You take 3 damage, and have 13/25 hp.
You are too injured to fight recklessly!
Spoiler Alert: The orc wizard (slow) might cast Slow, Confuse, Throw Flame, Throw Frost, or go Invisible!
You are too injured to fight recklessly!
Spoiler Alert: The orc wizard (slow) might cast Slow, Confuse, Throw Flame, Throw Frost, or go Invisible!
You are too injured to fight recklessly!
Spoiler Alert: The orc wizard (slow) might cast Slow, Confuse, Throw Flame, Throw Frost, or go Invisible!
You are too injured to fight recklessly!
Spoiler Alert: The orc wizard (slow) might cast Slow, Confuse, Throw Flame, Throw Frost, or go Invisible!
You are too injured to fight recklessly!
Spoiler Alert: The orc wizard (slow) might cast Slow, Confuse, Throw Flame, Throw Frost, or go Invisible!
You are too injured to fight recklessly!
Spoiler Alert: The orc wizard (slow) might cast Slow, Confuse, Throw Flame, Throw Frost, or go Invisible!
You are too injured to fight recklessly!
Spoiler Alert: The orc wizard (slow) might cast Slow, Confuse, Throw Flame, Throw Frost, or go Invisible!
You are too injured to fight recklessly!
Spoiler Alert: The orc wizard (slow) might cast Slow, Confuse, Throw Flame, Throw Frost, or go Invisible!
You are too injured to fight recklessly!
Spoiler Alert: The orc wizard (slow) might cast Slow, Confuse, Throw Flame, Throw Frost, or go Invisible!
You are too injured to fight recklessly!
Spoiler Alert: The orc wizard (slow) might cast Slow, Confuse, Throw Flame, Throw Frost, or go Invisible!
You are too injured to fight recklessly!
Spoiler Alert: The orc wizard (slow) might cast Slow, Confuse, Throw Flame, Throw Frost, or go Invisible!
You are too injured to fight recklessly!
Spoiler Alert: The orc wizard (slow) might cast Slow, Confuse, Throw Flame, Throw Frost, or go Invisible!
You are too injured to fight recklessly!
Spoiler Alert: The orc wizard (slow) might cast Slow, Confuse, Throw Flame, Throw Frost, or go Invisible!
You are too injured to fight recklessly!
Spoiler Alert: The orc wizard (slow) might cast Slow, Confuse, Throw Flame, Throw Frost, or go Invisible!
Aiming: Slow (safe; 7% risk of failure)
Press: ? - help, Q - select action, (/) - cycle Shift-Dir - straight line, f/p - orc wizard
Aim: an orc wizard, wielding a +2 dagger of speed and wearing a +0 robe (slow, chance to affect: 43%)
The orc wizard seems to slow down.
The orc wizard misses you.
Spoiler Alert: The orc wizard (slow) might cast Slow, Confuse, Throw Flame, Throw Frost, or go Invisible!
You now have 3/5 mp.
Aiming: Slow (safe; 7% risk of failure)
Press: ? - help, Q - select action, (/) - cycle Shift-Dir - straight line, f/p - orc wizard
Aim: an orc wizard, wielding a +2 dagger of speed and wearing a +0 robe (slow, chance to affect: 43%)
The orc wizard seems to slow down.
The orc wizard casts a spell.
The orc wizard flickers and vanishes!
Deactivating autopickup; reactivate with Ctrl-A.
Aiming: Slow (safe; 7% risk of failure)
Press: ? - help, Q - select action, (/) - cycle Shift-Dir - straight line, f - you That beam is likely to hit you.
Continue anyway? [Y]es or [N]o only, please.
That beam is likely to hit you.
Continue anyway? [Y]es or [N]o only, please.
That beam is likely to hit you.
Continue anyway?
Okay, then.
You now have 2/5 mp.
Okay, then.
Okay, then.
Fire: a) +1 sling
Press: ? - help, Shift-Dir - straight line You shoot a sling bullet.
Something hits you.
You take 2 damage, and have 12/25 hp.
Fire: a) +1 sling
Press: ? - help, Q - select action Shift-Dir - straight line You shoot a sling bullet.
You hear some strange, mumbled words.
A puff of flame appears from out of thin air!
The puff of flame misses you.
Fire: a) +1 sling
Press: ? - help, Q - select action Shift-Dir - straight line You shoot a sling bullet.
Something hits you but does no damage.
Fire: a) +1 sling
Press: ? - help, Shift-Dir - straight line You shoot a sling bullet.
Something hits you.
You take 3 damage, and have 9/25 hp.
Fire: a) +1 sling
Press: ? - help, Shift-Dir - straight line You shoot a sling bullet.
Something hits you.
* * * LOW HITPOINT WARNING * * *
Something hits you.
* * * LOW HITPOINT WARNING * * *
You take 4 damage, and have 5/25 hp.
Fire: a) +1 sling
Press: ? - help, Shift-Dir - straight line, f - you You shoot a sling bullet.
Something hits you.
* * * LOW HITPOINT WARNING * * *
You take 4 damage, and have 1/25 hp.
Fire: a) +1 sling
Press: ? - help, Shift-Dir - straight line, f - you You shoot a sling bullet.
Something hits you but does no damage.
Fire: a) +1 sling
Press: ? - help, Shift-Dir - straight line, f - you You shoot a sling bullet.
Something hits you but does no damage.
Fire: a) +1 sling
Press: ? - help, Shift-Dir - straight line, f - you You shoot a sling bullet.
Something hits you.
You die...

#...# ########...# #####
#..#.......# #...#
#..#.###...# #...#
#..#.#####.#### #...#
#..#..........# #...#
#..#######.##.# #...#
#..#######.##.####...##
#..#.{@)...............
#####..#####...............
#<.....#<....#.##.#########
#####.#####..........#
#.÷..............#
#######..........#
#######.#### #.# #.#


There were no monsters in sight!

Vanquished Creatures
  Terence (D:3)
  2 adders
  A worm (D:2)
  4 orcs (D:2)
  3 endoplasms
  2 giant cockroaches (D:1)
  10 goblins
  8 hobgoblins
  3 quokkas
  4 ball pythons
  4 bats (D:1)
  A frilled lizard (D:3)
  5 kobolds
  7 rats
55 creatures vanquished.

Vanquished Creatures (others)
  19 plants
19 creatures vanquished.

Grand Total: 74 creatures vanquished

Notes
Turn   | Place    | Note
-------+----------+-------------------------------------------
     0 | D:1      | IndexError the Gargoyle Hexslinger began the quest for the
                  | Orb.
     0 | D:1      | Reached XP level 1. HP: 12/12 MP: 2/2
   124 | D:1      | Reached XP level 2. HP: 16/16 MP: 3/3
   201 | D:1      | Reached skill level 3 in Hexes
   625 | D:2      | Reached skill level 3 in Ranged Weapons
   625 | D:2      | Reached XP level 3. HP: 20/20 MP: 4/4
  1084 | D:3      | Noticed Robin
  1128 | D:3      | Found Wosem's Weapon Emporium.
  1181 | D:3      | Noticed Terence
  1196 | D:3      | Reached XP level 4. HP: 23/25 MP: 5/5
  1210 | D:3      | Killed Terence
  1248 | D:2      | Reached skill level 4 in Ranged Weapons
  1391 | D:2      | HP: 6/25 [something (3)]
  1392 | D:2      | HP: 1/25 [something (4)]
  1395 | D:2      | Slain by an orc wizard

Illustrated notes

Levels and vault maps discovered:
D:1:      dpeg_arrival_shrine, layout_rooms, serial_bayou_pond_c
D:2:      layout_basic
D:3:      cheibrodos_old_hovel, layout_rooms, serial_shops,
          nicolae_shop_hallway_stairs, serial_bayou_lagoon_a, uniq_terence,
          uniq_robin

Skill      XL: |  1  2  3  4 |
---------------+-------------+-----
Hexes          | 3 |  3.5
Ranged Weapons | 3 4 |  4.1
Fighting       | |  1.1
Dodging        | |  1.5
Spellcasting   | |  1.0

Action                     |  1- 3 |  4- 6 || total
---------------------------+-------+-------++-------
   Fire: Sling             |   131 |    71 ||   202
   Cast: Slow              |     3 |     4 ||     7
 Armour: Robe              |    28 |    36 ||    64
  Dodge: Dodged            |    41 |    55 ||    96

Table legend: (Time is in decaauts)
 A = Elapsed time spent in this place.
 B = Non-inter-level travel time spent in this place.
 C = Inter-level travel time spent in this place.
 D = Time resting spent in this place.
 E = Time spent auto-exploring this place.
 F = Levels seen in this place.
 G = Mean time per level.
                   A        B        C        D        E       F      G
               +--------+--------+--------+--------+--------+-----+--------+
         Total |   1459 |   1294 |    165 |      5 |    889 |   3 |  486.3 |
       Dungeon |   1459 |   1294 |    165 |      5 |    889 |   3 |  486.3 |
               +--------+--------+--------+--------+--------+-----+--------+

Top non-repeatable levels by time:
     D:2: 759 daAuts
     D:1: 624 daAuts
     D:3: 76 daAuts

Table legend:
 A = Kills in this place as a percentage of kills in entire the game.
 B = Kills by you in this place as a percentage of kills by you in the entire game.
 C = Kills by friends in this place as a percentage of kills by friends in the entire game.
 D = Other kills in this place as a percentage of other kills in the entire game.
 E = Experience gained in this place as a percentage of experience gained in the entire game.
 F = Experience gained in this place divided by the number of levels of this place that you have seen.
                   A       B       C       D       E      F
               +-------+-------+-------+-------+-------+----------------------
         Total | 100.0 | 100.0 |   N/A |   N/A | 100.0 |  49.3
       Dungeon | 100.0 | 100.0 |   N/A |   N/A | 100.0 |  49.3
               +-------+-------+-------+-------+-------+----------------------
